 Dungeon Crawl Stone Soup version 0.25.0-1-g7eea58d2a3 (webtiles) character file.

Game seed: 9939951066624036399

1542 Lynxxx the Cleaver (level 8, 0/70 HPs)
             Began as a Minotaur Fighter on June 14, 2020.
             Was a Follower of Okawaru.
             Splashed by an oklob plant's acid (12 damage)
             ... created by the enmity of Fedhas Madash
             ... on level 6 of the Dungeon.
             The game lasted 00:59:09 (9047 turns).

Lynxxx the Cleaver (Minotaur Fighter)               Turns: 9047, Time: 00:59:10

Health: 0/70       AC: 11    Str: 23    XL:     8   Next: 56%
Magic:  7/7        EV:  9    Int:  5    God:    Okawaru [*.....]
Gold:   326        SH: 12    Dex: 10    Spells: 7/7 levels left

rFire    . . .     SeeInvis .   K - +3 broad axe (holy)
rCold    + . .     Gourm    .   c - +2 kite shield
rNeg     . . .     Faith    .   b - +1 scale mail
rPois    .         Spirit   .   (helmet restricted)
rElec    .         Reflect  .   (no cloak)
rCorr    .         Harm     .   w - +1 pair of gloves
MR       .....                  (no boots)
Stlth    ..........             u - amulet of magic regeneration
HPRegen  0.21/turn              x - ring of attention (curse)
MPRegen  0.35/turn              m - ring of protection from cold

@: very slightly contaminated, invisible
A: retaliatory headbutt, horns 2
a: Heroism, Renounce Religion


You were on level 6 of the Dungeon.
You worshipped Okawaru.
Okawaru was aware of your devotion.
You were not hungry.

You visited 2 branches of the dungeon, and saw 7 of its levels.

You collected 326 gold pieces.

Inventory:

Hand Weapons
 h - a +1 spear of distortion
 r - a +0 longbow
 v - a +0 halberd
 E - a +0 rapier
 K - a +3 broad axe of holy wrath (weapon)
 L - a +0 falchion
 M - a +0 trident
 S - a +3 hand axe
 W - a +0 spear
Missiles
 e - 20 bolts
 i - 198 stones
 D - 11 boomerangs (quivered)
 P - 17 sling bullets
 U - 75 arrows
Armour
 b - a +1 scale mail (worn)
 c - a +2 kite shield (worn)
 d - a cursed +0 pair of gloves
 k - a +0 scale mail
 s - a +0 leather armour
 w - a +1 pair of gloves (worn)
 Q - a +0 robe
Magical Staves
 t - an uncursed staff of summoning {unknown}
Jewellery
 m - a ring of protection from cold (right hand)
 p - an uncursed ring of protection from cold
 u - an amulet of magic regeneration (around neck)
 x - a cursed ring of attention (left hand)
 y - a +4 ring of slaying {unknown}
Wands
 n - a wand of paralysis (14)
 I - a wand of polymorph (12)
 Y - a wand of random effects (16)
Scrolls
 a - a scroll of acquirement {unknown}
 l - a scroll of remove curse {unknown}
 V - a scroll of noise {unknown}
 Z - 2 scrolls of fog
Potions
 g - a potion of brilliance
 o - a potion of haste {unknown}
 q - a potion of curing
 A - 2 potions of lignification {unknown}
 H - 2 potions of flight
 J - a potion of magic {unknown}
 X - a potion of resistance {unknown}
Comestibles
 f - 9 rations
 z - 12 chunks of flesh


   Skills:
 + Level 5.8 Fighting
 + Level 8.2 Axes
 + Level 1.0 Throwing
 + Level 7.0 Armour
 + Level 2.2 Dodging
 + Level 1.0 Stealth
 + Level 6.7 Shields
 + Level 0.1 Invocations


You had 7 spell levels left.
You didn't know any spells.
Your spell library contained the following spells:

 Spells                   Type           Power        Failure   Level  Hunger
 Foxfire                  Conj/Fire      #...         98%         1    ##.....
 Conjure Flame            Conj/Fire      #.......     100%        3    ####...
 Inner Flame              Hex/Fire       #.......     100%        3    ####...
 Sticky Flame             Conj/Fire      #.......     100%        4    #####..
 Fireball                 Conj/Fire      #.........   100%        5    ######.


Dungeon Overview and Level Annotations

Branches:
Dungeon (6/15)             Temple (1/1) D:5

Altars:
Ashenzari
Cheibriados
Dithmenos
Elyvilon
Fedhas
Gozag
Hepliaklqana
Kikubaaqudgha
Makhleb
Nemelex Xobeh
Okawaru
Qazlal
Ru
Sif Muna
Trog
Uskayaw
Vehumet
Wu Jian
Xom
Yredelemnul
Zin
The Shining One

Annotations:
D:5 exclusion: 2 oklob plants
D:6 exclusion: 2 oklob plants


Innate Abilities, Weirdness & Mutations

You reflexively headbutt those who attack you in melee.
You have a pair of horns on your head.


Message History

You are splashed with acid!
You feel better.
You slice the oklob plant!!
The oklob plant is severely damaged.
The oklob plant spits acid at you. The splash of acid hits you!
You are splashed with acid!
* * * LOW HITPOINT WARNING * * *
The amulet hums as it attunes itself to your energized body.
u - an amulet of magic regeneration (around neck)
You fade into invisibility!
The oklob plant spits acid at you. The splash of acid misses you.
Fedhas protects a plant from harm.
You are very lightly contaminated with residual magic.
You feel better.
The oklob plant spits acid at the oklob plant.
The splash of acid hits you!
* * * LOW HITPOINT WARNING * * *
You are splashed with acid!
You die...

..#..####..##.....## ##.....
..........#####..## #.....
[........## ##.# #..... #..#
.)..#....# #.# ##.... ....
.#..##...# #.## #..#. .....
#>. ##..# #..# #..##
...##.####..## #..## ##..##
#.#..##.....######...####.....
#
#...........P@.P..............
#
##....####..#####..###........
# ##.### ##.## #..# #...###..
# ####.## #..# #^.# #..## ###
###.....####.## #..###.##
....###..##..# ##.##..# ..###
##....## ###..)..## # ..#
##...# ##...##).# # .##
##..#####.######.## #


You could see 2 oklob plants.

Vanquished Creatures
  The ghost of Thomus the Cleaver, a novice MiBe of Trog (D:4)
  Prince Ribbit (D:5)
  A wandering mushroom (D:5)
  Menkaure (D:5)
  2 orc warriors (D:6)
  A necrophage (D:5)
  A centaur (D:6)
  3 hounds
  2 bullfrog skeletons (D:5)
  2 orc wizards
  Terence (D:3)
  An iguana (D:5)
  A worker ant (D:4)
  A hound zombie (D:5)
  A hound skeleton (D:5)
  4 gnolls (D:4)
  10 adders
  A shadow imp (D:4)
  4 oozes
  2 worms
  2 dart slugs
  16 orcs
  A ball python (D:4)
  5 giant cockroaches
  5 goblins
  8 hobgoblins
  15 jackals
  3 quokkas
  2 bats (D:3)
  4 frilled lizards
  7 kobolds
  4 rats
113 creatures vanquished.

Notes
Turn   | Place    | Note
-------+----------+-------------------------------------------
     0 | D:1      | Lynxxx the Minotaur Fighter began the quest for the Orb.
     0 | D:1      | Reached XP level 1. HP: 19/19 MP: 0/0
    44 | D:1      | Reached XP level 2. HP: 24/27 MP: 1/1
   396 | D:1      | Reached skill level 3 in Axes
  1262 | D:1      | Reached XP level 3. HP: 28/33 MP: 2/2
  2036 | D:2      | Reached XP level 4. HP: 40/40 MP: 3/3
  2073 | D:2      | Found a blossoming altar of Fedhas.
  2076 | D:2      | Became a worshipper of Fedhas Madash
  2938 | D:3      | Reached skill level 4 in Axes
  3239 | D:3      | Noticed Terence
  3259 | D:3      | Killed Terence
  3259 | D:3      | Reached XP level 5. HP: 28/46 MP: 4/4
  4184 | D:4      | Reached skill level 5 in Armour
  4396 | D:4      | Reached * piety under Fedhas
  4480 | D:4      | Found a runed translucent door.
  4504 | D:4      | Noticed Thomus's ghost (novice MiBe)
  4575 | D:4      | Reached skill level 5 in Shields
  4719 | D:4      | Reached XP level 6. HP: 53/53 MP: 5/5
  4730 | D:4      | Reached skill level 5 in Axes
  5045 | D:4      | Killed Thomus's ghost
  5045 | D:4      | Reached skill level 6 in Axes
  5045 | D:4      | Reached skill level 1 in Dodging
  5045 | D:4      | Reached XP level 7. HP: 35/60 MP: 6/6
  5412 | D:5      | Entered Level 5 of the Dungeon
  5514 | D:5      | Noticed Prince Ribbit
  5938 | D:5      | Found a staircase to the Ecumenical Temple.
  5967 | Temple   | Entered the Ecumenical Temple
  6258 | Temple   | Fell from the grace of Fedhas
  6258 | Temple   | Became a worshipper of Warmaster Okawaru
  6635 | D:5      | Noticed Menkaure
  6818 | D:5      | Killed Prince Ribbit
  6818 | D:5      | Reached skill level 5 in Fighting
  6818 | D:5      | Reached skill level 7 in Axes
  6918 | D:5      | Reached * piety under Okawaru
  6918 | D:5      | Reached XP level 8. HP: 59/67 MP: 7/7
  7008 | D:5      | Killed Menkaure
  7441 | D:5      | Noticed an oklob plant
  7441 | D:5      | Noticed an oklob plant
  7441 | D:5      | Noticed a wandering mushroom
  7441 | D:5      | Noticed a wandering mushroom
  8438 | D:6      | Reached skill level 1 in Stealth
  8938 | D:6      | Reached skill level 8 in Axes
  8938 | D:6      | Reached skill level 1 in Throwing
  9031 | D:6      | Noticed an oklob plant
  9031 | D:6      | Noticed an oklob plant
  9047 | D:6      | Splashed by an oklob plant's acid

Illustrated notes

Levels and vault maps discovered:
D:1:      minmay_arrival_arboretum_small, layout_basic
D:2:      layout_basic, lemuel_doored_altar
D:3:      layout_basic, first_ration, uniq_terence
D:4:      layout_basic, ebering_ghost_sewer_d
D:5:      layout_basic, minmay_temple_entry_large_hall, uniq_menkaure,
          uniq_prince_ribbit1
D:6:      layout_layer_cave, kennysheep_okawaru_gauntlet
Temple:   minmay_crystal_snake_temple

Skill      XL: |  1  2  3  4  5  6  7  8 |
---------------+-------------------------+-----
Armour         | 4 5 6 7 |  7.0
Axes           | 3 4 6 7 8 |  8.2
Shields        | 4 5 6 |  6.7
Fighting       | 4 5 |  5.8
Dodging        | 1 2 |  2.2
Stealth        | 1 |  1.0
Throwing       | 1 |  1.0
Invocations    | |  0.1

Action                   |  1- 3 |  4- 6 |  7- 9 || total
-------------------------+-------+-------+-------++-------
Melee: War axe           |    93 |    99 |       ||   192
       Headbutt          |    12 |    17 |    28 ||    57
       Hand axe          |       |    47 |   124 ||   171
       Broad axe         |       |       |     1 ||     1
Throw: Stone             |     6 |     2 |       ||     8
       Boomerang         |       |     1 |    10 ||    11
Invok: Heroism           |       |       |     1 ||     1
  Use: Scroll            |       |    12 |     1 ||    13
       Potion            |       |     2 |     6 ||     8
  Eat: Ration            |     1 |       |     3 ||     4
       Chunk             |       |     9 |     3 ||    12
Armor: Scale mail        |    43 |    60 |    22 ||   125
Dodge: Dodged            |    23 |    40 |    30 ||    93
Block: Kite shield       |    51 |    77 |    48 ||   176
